 Dungeon Crawl Stone Soup version 0.28-a0-71-g84acfa7270 (webtiles) character file.

Game seed: 8719720662592394875

1451 asterach the Covert (level 8, -1/54 HPs)
             Began as an Octopode Brigand on Aug 1, 2021.
             Was an Initiate of Gozag.
             Slain by Prince Ribbit (17 damage)
             ... on level 5 of the Dungeon.
             The game lasted 00:22:32 (5966 turns).

asterach the Covert (Octopode Brigand)              Turns: 5966, Time: 00:22:32

Health: -1/54      AC:  5    Str: 11    XL:     8   Next: 75%
Magic:  8/8        EV: 14    Int: 13    God:    Gozag
Gold:   384        SH:  5    Dex: 15    Spells: 7/7 levels left

rFire   + . .      SeeInvis .   K - +2 dagger (venom)
rCold   + . .      Faith    .   o - +0 buckler
rNeg    . . .      Spirit   .   (helmet restricted)
rPois   +          Reflect  .   f - amulet "Ripelume" {RegenMP Slay+4 Stlth+}
rElec   +          Harm     .   (no ring)
rCorr   +          Rampage  .   s - ring of willpower
Will    +....                   x - +4 ring of protection
Stlth   ++++++....              E - ring of resist corrosion
HPRegen 0.18/turn               (no ring)
MPRegen 0.36/turn               (no ring)
                                (no ring)
                                (no ring)

@: mighty, brilliant, resistant
A: almost no armour, amphibious, 8 rings, camouflage 1, gelatinous body 1,
(nimble swimmer 1), tentacles
a: Renounce Religion, Potion Petition, Call Merchant, Bribe Branch


You were on level 5 of the Dungeon.
You worshipped Gozag.
Gozag was aware of your devotion.
You visited 1 branch of the dungeon, and saw 5 of its levels.
You also visited: Ossuary.

You collected 458 gold pieces.
You paid 74 gold pieces to Gozag.

Inventory:

Hand Weapons
 i - a +3 hunting sling
 K - a +2 dagger of venom (weapon)
Missiles
 b - 27 poisoned darts (quivered)
 c - 2 curare-tipped darts
 h - 27 sling bullets
 j - 173 stones
Armour
 o - a +0 buckler (worn)
Magical Staves
 u - a staff of earth
Jewellery
 e - a ring of ice
 f - the amulet "Ripelume" (around mantle) {RegenMP Slay+4 Stlth+}
   (You found it on level 5 of the Dungeon)

   [amulet of magic regeneration]

   It increases your rate of magic regeneration.
   Slay:      It affects your accuracy & damage with ranged weapons and melee
   (+4).
   Stlth:     It makes you more stealthy.
 s - a ring of willpower (right tentacle)
 x - a +4 ring of protection (on tentacle)
 E - a ring of resist corrosion (on tentacle)
Wands
 F - a wand of mindburst (9)
Scrolls
 k - a scroll of magic mapping {unknown}
 l - a scroll of acquirement {unknown}
 p - 2 scrolls of teleportation
 t - a scroll of identify
 y - a scroll of immolation {unknown}
 D - a scroll of holy word {unknown}
 G - a scroll of blinking {unknown}
 H - a scroll of fog {unknown}
Potions
 d - a potion of degeneration {unknown}
 g - 3 potions of cancellation
 n - 4 potions of curing
 q - a potion of might
 r - a potion of lignification {unknown}
 v - a potion of berserk rage
 w - a potion of heal wounds {unknown}
 z - a potion of flight
 A - 2 potions of brilliance
 B - 2 potions of resistance
 C - a potion of ambrosia {unknown}
 I - a potion of invisibility {unknown}
 J - a potion of experience {unknown}


   Skills:
 + Level 4.0 Fighting
 + Level 4.9 Short Blades
 + Level 4.6(4.8) Slings
 + Level 2.1(3.6) Throwing
 + Level 3.6 Dodging
 + Level 8.9 Stealth
 * Level 3.5 Shields


You had 7 spell levels left.
You didn't know any spells.
Your spell library contained the following spells:

 Spells                   Type           Power      Damage    Failure   Level
 Call Canine Familiar     Summ           0%         N/A       67%         3
 Portal Projectile        Hex/Tloc       0%         N/A       67%         3
 Leda's Liquefaction      Hex/Erth       0%         N/A       97%         4


Dungeon Overview and Level Annotations

Branches:
Dungeon (5/15)            Ossuary (visited)
 Temple: D:4-7

Altars:
Gozag
Hepliaklqana
Kikubaaqudgha
Ru

Shops:
D:1 *   D:3 :   D:4 *

Annotations:
D:5 Prince Ribbit


Innate Abilities, Weirdness & Mutations

You cannot wear most types of armour.
You are amphibious.
You can wear up to eight rings at the same time.
Your skin changes colour to match your surroundings (Stealth+).
Your rubbery body absorbs attacks. (AC +1, EV +1)
((You are camouflaged near water. (Stealth+)))
You have tentacles for arms and can constrict up to eight enemies at once.


Message History

You constrict Duvessa. You block Duvessa's attack.
You hit Duvessa.
Duvessa looks as sick as possible!
Duvessa is moderately wounded.
You constrict Duvessa. Duvessa misses you.
You hit Duvessa.
Duvessa looks as sick as possible!
You squeeze Duvessa!
Duvessa is heavily wounded.
You constrict Duvessa.
Duvessa hits you with a +0 short sword!!
* * * LOW HITPOINT WARNING * * *
The howler monkey hoots and howls with incredible vigour!
It was a potion of might.
You feel very mighty all of a sudden.
You constrict Duvessa. Duvessa closely misses you. Duvessa barely misses you.
You puncture Duvessa!
You kill Duvessa!
Prince Ribbit is distracted by your dazzling golden aura.
The howler monkey hoots and howls with incredible vigour!
Prince Ribbit croaks.
Your Fighting skill increases to level 4!
You puncture the orc!
You kill the orc!
You hear a shout!
Press: ? - help, v - describe, . - travel The floor.
The howler monkey is distracted by your dazzling golden aura.
Press: ? - help, v - describe, . - travel
Here: Prince Ribbit The floor.
It was a potion of resistance.
You feel protected.
Prince Ribbit blinks!
Press: ? - help, v - describe, . - travel The floor.
It was a potion of brilliance.
You feel clever all of a sudden.
As you read the scroll of identify, it crumbles to dust.
z - a potion of flight You miss Prince Ribbit.
Your grab misses Prince Ribbit. Prince Ribbit hits you!
You die...
Your body crumbles into a pile of gold.

#.............#...#..........
#.............+...#..........
##...#######.##..###...######
######.####'##..###...###..#
#...........#...........
#...........'.[)........
#...F.......#...........
##..h##.....##....##...#
##..$##@F...####'###...#
#.......................
##...##.....##........).
##...###'#####..........
#...(#......##....######
#....'......##....##
#[..)#..............
#....##.....##.:.....e .
##...#########..........


You could see Prince Ribbit.

Vanquished Creatures
  Duvessa (D:5)
  A sky beast (D:5)
  2 ogres (D:5)
  2 necrophages (D:2)
  A phantom (D:5)
  Blork the orc (D:5)
  2 scorpions (D:5)
  A wyvern zombie (D:5)
  4 water moccasin zombies (Ossuary)
  Dowan (D:5)
  A hound (D:5)
  A jelly (D:5)
  A bullfrog skeleton (D:5)
  Ijyb (D:5)
  An iguana (D:5)
  An orc wizard (D:5)
  A hound skeleton (D:4)
  2 mummies (Ossuary)
  A shadow imp (D:5)
  5 adder zombies (Ossuary)
  A worm (D:3)
  4 dart slugs
  5 orcs
  4 endoplasms
  A giant cockroach (D:1)
  10 goblins
  5 hobgoblins
  6 jackals (D:2)
  4 quokkas
  6 ball pythons
  4 bats
  2 frilled lizards (D:2)
  4 gnoll zombies (Ossuary)
  3 hobgoblin zombies (Ossuary)
  4 kobolds
  9 kobold zombies (Ossuary)
  6 orc zombies (Ossuary)
  3 rats
112 creatures vanquished.

Vanquished Creatures (others)
  A fungus (D:4)
1 creature vanquished.

Grand Total: 113 creatures vanquished

Notes
Turn   | Place    | Note
-------+----------+-------------------------------------------
     0 | D:1      | asterach the Octopode Brigand began the quest for the Orb.
     0 | D:1      | Reached XP level 1. HP: 14/14 MP: 1/1
   252 | D:1      | Reached XP level 2. HP: 19/19 MP: 2/2
   289 | D:1      | Found Xaplann's Assorted Antiques.
   344 | D:1      | Reached skill level 6 in Stealth
   511 | D:1      | Found a faded altar of an unknown god.
   756 | D:1      | Reached XP level 3. HP: 24/24 MP: 3/3
   949 | D:1      | Became a worshipper of Ru the Awakened
   950 | D:1      | Fell from the grace of Ru
  1183 | D:2      | Found an ancient bone altar of Kikubaaqudgha.
  1469 | D:2      | Noticed a necrophage
  1478 | D:2      | Killed a necrophage
  1479 | D:2      | Reached skill level 7 in Stealth
  1479 | D:2      | Reached XP level 4. HP: 24/29 MP: 4/4
  1479 | D:2      | Reached XP level 5. HP: 28/34 MP: 5/5
  2056 | D:2      | Noticed a necrophage
  2066 | D:2      | Killed a necrophage
  2067 | D:2      | Reached skill level 1 in Slings
  2067 | D:2      | Reached skill level 8 in Stealth
  2067 | D:2      | Reached XP level 6. HP: 32/41 MP: 6/6
  2762 | D:3      | Found Oress's Book Boutique.
  2816 | D:4      | Found a sand-covered staircase.
  2816 | D:4      | Found a hazy altar of Hepliaklqana.
  2847 | Ossuary  | Entered an ossuary
  2895 | Ossuary  | Reached skill level 1 in Shields
  3311 | Ossuary  | Reached XP level 7. HP: 45/45 MP: 7/7
  3823 | D:4      | Found an opulent altar of Gozag.
  3833 | D:4      | Became a worshipper of Gozag Ym Sagoz the Greedy
  3976 | D:4      | Found Istip's General Store.
  4379 | D:5      | Entered Level 5 of the Dungeon
  4387 | D:5      | Noticed Blork the orc
  4396 | D:5      | Killed Blork the orc
  4565 | D:5      | Identified the amulet "Ripelume" {RegenMP Slay+4 Stlth+}
  4740 | D:5      | Reached XP level 8. HP: 16/52 MP: 8/8
  5133 | D:5      | Noticed Ijyb
  5255 | D:5      | Noticed Duvessa
  5255 | D:5      | Noticed Dowan
  5263 | D:5      | Killed Ijyb
  5321 | D:5      | Noticed Prince Ribbit
  5502 | D:5      | Killed Dowan
  5956 | D:5      | Killed Duvessa
  5966 | D:5      | Slain by Prince Ribbit

Illustrated notes

Levels and vault maps discovered:
D:1:      ncdulo_halloftheorcs, layout_loops_ring,
          hellmonk_ecumenical_altar_arch_garden, serial_shops,
          nicolae_shop_overgrown_old_shop, hangedman_decor_diamond_cutter,
          chequers_serial_rivers_micro_e, minmay_surrounded
D:2:      minmay_general_purpose_star, layout_loops_ring, serial_rivers,
          chequers_serial_rivers_micro_a, chequers_serial_rivers_room_b,
          chequers_serial_rivers_micro_e, chequers_serial_rivers_micro_c,
          chequers_serial_rivers_small_a, basic_altar
D:3:      layout_loops_ring, serial_shops, nicolae_shop_waterfront,
          minmay_parallelograms
D:4:      layout_cave_pods, mainiacjoe_overflow_chevrons,
          general_overflow_altar, enter_ossuary_1, serial_shops,
          nicolae_diamond_shop
D:5:      layout_gridville, uniq_prince_ribbit1, uniq_blork_the_orc, uniq_ijyb,
          uniq_duvessa

Skill      XL: |  1  2  3  4  5  6  7  8 |
---------------+-------------------------+-----
Stealth        | 6 7 8 |  8.9
Short Blades   | 3 4 |  4.9
Slings         | 1 3 4 |  4.6
Shields        | 1 2 3 |  3.5
Dodging        | 2 3 |  3.6
Fighting       | 3 4 |  4.0
Throwing       | |  2.1

Action                   |  1- 3 |  4- 6 |  7- 9 || total
-------------------------+-------+-------+-------++-------
Melee: Dagger            |    37 |    27 |   141 ||   205
       Constrict         |    11 |    14 |    19 ||    44
       Tentacles         |     9 |    16 |    35 ||    60
       Hunting sling     |     4 |    15 |       ||    19
 Fire: Hunting sling     |    22 |    66 |     1 ||    89
Throw: Dart              |    10 |       |       ||    10
Invok: Renounce Religion |     1 |       |       ||     1
  Use: Potion            |       |     2 |     4 ||     6
       Scroll            |       |       |     4 ||     4
 Stab: Sleeping          |     8 |     4 |    10 ||    22
Armor: Skin              |     6 |     3 |    11 ||    20
Dodge: Dodged            |    24 |    33 |    55 ||   112
Block: Buckler           |       |    10 |    23 ||    33

Table legend: (Time is in decaauts)
 A = Elapsed time spent in this place.
 B = Non-inter-level travel time spent in this place.
 C = Inter-level travel time spent in this place.
 D = Time resting spent in this place.
 E = Time spent auto-exploring this place.
 F = Levels seen in this place.
 G = Mean time per level.
                   A        B        C        D        E       F      G
               +--------+--------+--------+--------+--------+-----+--------+
         Total |   5983 |   5603 |    380 |   1316 |   3464 |   6 |  997.2 |
       Dungeon |   5309 |   4929 |    380 |    867 |   3426 |   5 | 1061.8 |
       Ossuary |    673 |    673 |      0 |    449 |     38 |   1 |  673.0 |
               +--------+--------+--------+--------+--------+-----+--------+

Top non-repeatable levels by time:
     D:5: 1580 daAuts
     D:2: 1149 daAuts
     D:1: 1068 daAuts
     D:4: 905 daAuts
 Ossuary: 673 daAuts
     D:3: 604 daAuts
